 Dungeon Crawl Stone Soup version 0.18.1-8-gdd0e5ea (webtiles) character file.

239 Shearov the Ruffian (level 5, -3/54 HPs)
             Began as a Troll Berserker on June 1, 2016.
             Was a Believer of Trog.
             Slain by Grinder (7 damage)
             ... while paralysed by something
             ... on level 3 of the Dungeon.
             The game lasted 00:04:00 (1441 turns).

Shearov the Ruffian (Troll Berserker)               Turns: 1441, Time: 00:04:01

Health: -3/54      AC:  5    Str: 25    XL:     5   Next: 79%
Magic:  4/4        EV:  1    Int:  4    God:    Trog [**....]
Gold:   98         SH:  0    Dex:  9    Spells: 0 memorised, 4 levels left

rFire  . . .     SeeInvis .       - Unarmed
rCold  . . .     Gourm    +     a - +0 animal skin
rNeg   . . .     Faith    .     c - +0 shield
rPois  .         Spirit   .     (helmet restricted)
rElec  .         Dismiss  .     (no cloak)
rCorr  .         Reflect  .     (gloves unavailable)
SustAt .         Harm     .     (boots unavailable)
MR     .....                    (no amulet)
Stlth  +.........               (no ring)
                                (no ring)

@: paralysed, not resistant to hostile enchantments, very unstealthy
A: unfitting armour, claws 3, fast metabolism 3, gourmand, regeneration 2,
shaggy fur 1, tough skin 2
a: Berserk, Trog's Hand, Burn Spellbooks, Renounce Religion


You were on level 3 of the Dungeon.
You worshipped Trog.
Trog was pleased with you.
You were full.

You visited 1 branch of the dungeon, and saw 3 of its levels.

You collected 98 gold pieces.

Inventory:

Armour
 a - a +0 animal skin (worn)
 c - a +0 shield (worn)
Jewellery
 i - an uncursed amulet of rage {unknown}
Scrolls
 d - a scroll of random uselessness {unknown}
 g - 2 scrolls of immolation {unknown}
 h - 3 scrolls of identify {unknown}
 j - a scroll of recharging {unknown}
 k - a scroll of blinking {unknown}
 l - 3 scrolls of remove curse {unknown}
 m - a scroll of enchant armour {unknown}
 o - 2 scrolls of enchant weapon {unknown}
 q - a scroll of noise {unknown}
 s - a scroll of fog {unknown}
Potions
 e - 2 potions of cancellation {unknown}
 f - a potion of lignification {unknown}
 n - a potion of mutation {unknown}
 r - a potion of degeneration {unknown}
Comestibles
 b - 7 bread rations
 p - a meat ration


   Skills:
 * Level 3.7 Fighting
 + Level 3.4 Dodging
 + Level 1.2 Shields
 * Level 4.2 Unarmed Combat


You had 4 spell levels left.
You didn't know any spells.

Dungeon Overview and Level Annotations

Branches:
Dungeon (3/15)

Altars:

Annotations:
D:3 Grinder


Innate Abilities, Weirdness & Mutations

You are too large for most types of armour.
You have claws for hands.
Your metabolism is lightning-fast.
You like to eat raw meat.
You heal very quickly.
You are covered in fur (AC +1).
You have very tough skin (AC +2).


Message History

Something tries to affect you, but you resist.
Items here: )) [ † a dagger; a robe; a dagger; an orc corpse You claw the worm!
The worm is almost dead.
Pain shoots through your body!
You claw the worm!
You kill the worm!
Trog accepts your kill. Something hits you.
* * * LOW HITPOINT WARNING * * *
You writhe in agony.
* * * LOW HITPOINT WARNING * * *
Pain shoots through your body!
* * * LOW HITPOINT WARNING * * *
Items here: )) [ † a leather armour; a club; a whip; an orc corpse You suddenly lose the ability to move!
Something hits you!
You die...

#.# . ....# .#
#.#.#####.#
#.#....$..###
#.#.##......# #
##.#!##..# #.##.#
#........# #...
#..#)....###.####
#.@[)...........#
##.#.#####.####.#
...#.....(.# #.#
.........##### #.#
##.####...# #.#
...####.##########.#
.........###........#
.. #<##.....#####
#.............


There were no monsters in sight!

Vanquished Creatures
  2 orc wizards (D:3)
  Natasha (thrice) (D:2)
  3 adders (D:2)
  2 oozes (D:2)
  3 worms
  2 dart slugs (D:1)
  2 giant geckos
  3 orcs (D:3)
  8 bats
  6 giant cockroaches
  6 goblins
  4 hobgoblins
  2 jackals (D:3)
  2 quokkas (D:2)
  A ball python (D:2)
  3 kobolds (D:1)
  4 rats
56 creatures vanquished.

Notes
Turn   | Place    | Note
--------------------------------------------------------------
     0 | D:1      | Shearov the Troll Berserker began the quest for the Orb.
     0 | D:1      | Reached XP level 1. HP: 22/22 MP: 0/0
    86 | D:1      | Reached XP level 2. HP: 29/29 MP: 1/1
   551 | D:1      | Reached XP level 3. HP: 37/37 MP: 2/2
   620 | D:2      | Reached ** piety under Trog
   686 | D:2      | Noticed Natasha
   697 | D:2      | Killed Natasha
   697 | D:2      | Reached XP level 4. HP: 12/45 MP: 3/3
   857 | D:2      | Noticed Natasha
   866 | D:2      | Killed Natasha
   866 | D:2      | Reached skill level 1 in Shields
   969 | D:2      | Noticed Natasha
   973 | D:2      | Killed Natasha
   973 | D:2      | Reached XP level 5. HP: 45/53 MP: 4/4
  1418 | D:3      | Noticed Grinder
  1419 | D:3      | Reached skill level 4 in Unarmed Combat
  1439 | D:3      | Paralysed by something for 6 turns
  1441 | D:3      | Slain by Grinder

Skill      XL: |  1  2  3  4  5 |
---------------+----------------+-----
Fighting       | 3 |  3.7
Dodging        | 3 |  3.4
Shields        | 1 |  1.2
Unarmed Combat | 4 |  4.2

Action                   |  1- 3 |  4- 6 || total
-------------------------+-------+-------++-------
Melee: Unarmed           |    72 |    70 ||   142
  Eat: Chunk             |     7 |     5 ||    12
       Meat ration       |     1 |       ||     1
Armor: Animal skin       |    40 |    24 ||    64
Dodge: Dodged            |    20 |    14 ||    34
Block: Shield            |    35 |    26 ||    61
